Map: 포트 알렉산더 - 래더

Players

TYTY (TY) - Winner!

  • Race: Terran Terran
  • League: Master
  • Spawn Location: 11:00

Classic

  • Race: Protoss Protoss
  • League: Master
  • Spawn Location: 5:00

Event: IEM Season 13 - Katowice Server Qualifiers Asia 1

VOD

Have the link to the VOD?

Description

Time

  • Played on: Jan. 14, 2019, 6:14 a.m.
  • Length: 9:16

All games in this series

Show
View Real Time Build Order
Export as new Build Order

TYTY Terran - Winner!

Build Orders:  

Get SALT Encoding   

  12  0:00  SCV  
  13  0:12  SCV  
  14  0:17  Supply Depot  
  14  0:24  SCV  
  15  0:39  SCV  
  15  0:40  Barracks  
  16  0:45  Refinery  
  16  0:51  SCV  
  17  1:03  SCV  
  18  1:15  SCV  
  19  1:27  Marine  
  19  1:28  Orbital Command  
  20  1:47  Command Center, Barracks Reactor  
  20  1:55  SCV  
  21  2:04  Supply Depot  
  21  2:07  SCV  
  22  2:15  Factory  
  22  2:19  SCV  
  23  2:26  Marine x2  
  25  2:31  SCV  
  26  2:38  Barracks  
  26  2:43  SCV  
  26  2:44  Marine x2  
  29  2:55  SCV  
  30  2:59  Factory Tech Lab, Orbital Command  
  30  3:01  Marine x2  
  32  3:07  SCV  
  33  3:18  Cyclone  
  33  3:19  SCV  
  37  3:20  Marine  
  37  3:21  Marine  
  37  3:25  Marine  
  37  3:26  SCV  
  41  3:31  SCV, Supply Depot  
  42  3:38  Marine x2, SCV  
  45  3:41  Refinery  
  45  3:45  SCV  
  46  3:50  Supply Depot  
  46  3:53  SCV  
  47  3:55  Marine  
  47  3:56  Marine, Stimpack  
  47  3:57  Marine  
  47  3:58  SCV  
  50  4:05  SCV  
  50  4:06  Starport  
  51  4:10  Refinery, SCV  
  51  4:13  Marine  
  51  4:14  Marine  
  54  4:17  SCV, Supply Depot  
  54  4:20  Factory Reactor  
  54  4:22  SCV  
  56  4:25  Marine  
  56  4:31  Marine  
  57  4:33  SCV  
  57  4:34  SCV  
  60  4:38  Marine  
  60  4:40  Supply Depot  
  60  4:42  Marine  
  60  4:45  SCV, Engineering Bay  
  63  4:46  SCV  
  63  4:49  Marine  
  65  4:53  Supply Depot  
  65  4:58  SCV  
  65  4:59  Medivac x2  
  70  5:01  Marine  
  70  5:02  Factory Tech Lab, SCV, Supply Depot  
  72  5:07  Marine x2  
  72  5:10  SCV  
  72  5:14  SCV  
  76  5:15  Missile Turret  
  76  5:17  Barracks  
  76  5:19  Terran Infantry Weapons Level 1  
  76  5:21  Siege Tank  
  76  5:26  Marine x2  
  76  5:27  Marine  
  82  5:28  SCV x2  
  84  5:39  Supply Depot  
  84  5:40  Missile Turret, SCV  
  84  5:41  SCV  
  86  5:43  Marine  
  87  5:50  Medivac  
  87  5:53  SCV, Siege Tank  
  87  5:54  Marine  
  94  5:58  Refinery  
  94  6:00  Marine  
  93  6:06  Marine  
  93  6:07  Combat Shield  
  93  6:08  SCV x2  
  96  6:15  Marine  
  96  6:18  Marine  
  96  6:22  Supply Depot x2  
  96  6:25  Marine  
  101  6:26  Barracks  
  101  6:29  Barracks  
  101  6:30  Supply Depot  
  98  6:35  Marine, Marauder  
  98  6:37  Concussive Shells, Marauder  
  105  6:40  Medivac  
  105  6:43  Medivac  
  105  6:45  Factory Reactor  
  107  6:48  Supply Depot  
  107  6:49  Marine  
  107  6:52  Marine  
  109  6:56  SCV x2  
  109  6:58  Marauder x2  
  115  7:02  Liberator  
  115  7:07  Marine  
  115  7:10  Marine  
  112  7:17  Barracks Tech Lab  
  112  7:19  Marine, Marauder, Barracks Tech Lab  
  118  7:23  Supply Depot  
  118  7:24  Marine, Widow Mine x2, Supply Depot  
  118  7:28  Marine  
  126  7:30  Medivac  
  126  7:38  Marine x3  
  126  7:40  Marine  
  110  7:52  Marine x2  
  110  7:57  Marauder  
  108  7:59  Marauder  
  108  8:06  Marauder  
  108  8:12  Marauder  
  109  8:19  Marine x2  
  109  8:26  Marauder  
  109  8:31  Marauder  
  111  8:34  Marine  
  111  8:40  Marine x2  
  102  8:45  Widow Mine x2  
  102  8:46  Marine  
  93  8:52  Marine x2  
  93  8:55  Marauder  
  91  8:58  Marine  
Show
View Real Time Build Order
Export as new Build Order

Classic Protoss 

Build Orders: 1 Gate Expand, Oracle Opening 

Get SALT Encoding   

  12  0:00  Probe  
  13  0:12  Probe  
  14  0:17  Pylon  
  14  0:23  Probe  
  15  0:32  Probe  
  15  0:37  Gateway  
  15  0:40  Probe  
  16  0:49  Assimilator  
  17  0:51  Probe  
  18  1:03  Probe  
  19  1:15  Probe  
  20  1:26  Nexus  
  20  1:35  Cybernetics Core  
  20  1:37  Probe  
  21  1:42  Assimilator  
  21  1:49  Probe  
  21  1:53  Pylon  
  22  2:01  Probe  
  23  2:10  Probe  
  23  2:11  Adept  
  26  2:18  Probe  
  26  2:20  Stargate  
  27  2:27  Probe, Warp Gate  
  27  2:34  Probe  
  27  2:35  Probe  
  28  2:38  Adept  
  28  2:42  Probe  
  28  2:44  Probe  
  34  2:52  Probe  
  34  2:54  Oracle, Probe  
  36  3:04  Probe  
  40  3:06  Probe  
  40  3:07  Pylon  
  41  3:17  Probe  
  41  3:18  Probe  
  43  3:22  Oracle  
  43  3:29  Probe  
  43  3:30  Probe  
  48  3:35  Gateway x2  
  48  3:39  Pylon  
  48  3:44  Probe x2  
  48  3:45  Assimilator  
  48  3:48  Assimilator  
  50  3:49  Oracle  
  50  3:56  Probe x2  
  55  4:04  Pylon  
  55  4:10  Probe  
  55  4:11  Probe  
  57  4:17  Nexus  
  57  4:22  Probe  
  57  4:23  Probe  
  59  4:25  Phoenix  
  61  4:33  Shield Battery  
  61  4:37  Stalker x2  
  65  4:42  Pylon  
  65  4:45  Stalker  
  69  4:54  Probe  
  69  4:59  Probe  
  69  5:01  Forge, Twilight Council  
  69  5:05  Pylon  
  69  5:09  Sentry x3  
  69  5:10  Protoss Ground Weapons Level 1  
  69  5:11  Probe x2, Blink  
  77  5:15  Pylon  
  77  5:23  Probe x2  
  79  5:34  Gateway  
  79  5:35  Probe x2, Gateway  
  80  5:38  Gateway  
  81  5:43  Probe  
  82  5:50  Sentry, Stalker  
  82  5:52  Stalker  
  84  6:11  Probe x3  
  80  6:14  Gateway  
  80  6:15  Gateway, Stalker x3  
  87  6:23  Probe x3  
  90  6:26  Photon Cannon  
  90  6:29  Pylon  
  90  6:37  Robotics Facility  
  90  6:38  Probe x3  
  93  6:44  Assimilator  
  93  6:47  Protoss Ground Armor Level 1  
  93  6:48  Stalker x4  
  101  6:55  Stalker x2  
  101  7:00  Pylon  
  105  7:02  Charge  
  105  7:04  Pylon  
  103  7:19  Zealot x3  
  103  7:20  Zealot, Stalker x3  
  117  7:23  Assimilator, Stalker  
  117  7:27  Observer  
  117  7:28  Probe  
  117  7:29  Probe x2  
  123  7:39  Stalker  
  123  7:40  Stalker  
  125  7:50  Immortal  
  98  7:59  Pylon x3  
  98  8:00  Pylon  
  102  8:08  Pylon  
  102  8:11  Stalker x3  
  106  8:18  Stalker  
  106  8:20  Immortal, Stalker x3  
  106  8:25  Zealot  
  118  8:39  Zealot x3  
  118  8:42  Zealot  
  118  8:47  Zealot  
  118  8:48  Zealot x3  
  77  9:01  Zealot x3  
  56  9:05  Zealot  
  56  9:08  Zealot x2  
  56  9:09  Zealot  
  62  9:12  Zealot  

Tags
 
Add a new tag
Caveats
  • Supply blocks, unpowered buildings, or Contaminate may cause inaccurate times.
  • Supply counts are checked every 10 seconds.